 Dungeon Crawl Stone Soup version 0.29.0-15-g675c0067aa (webtiles) character file.

Game seed: 11479611293046919711

39 qw the Sneak (level 3, -1/23 HPs)
             Began as a Gargoyle Delver on Sept 11, 2022.
             Slain by a gnoll
             ... wielding a +0 flail
             ... led by a gnoll sergeant
              (8 damage)
             ... on level 5 of the Dungeon.
             The game lasted 00:00:05 (517 turns).

qw the Sneak (Gargoyle Delver)                       Turns: 517, Time: 00:00:06

Health: -1/23      AC:  6    Str: 17    XL:     3   Next: 47%
Magic:  3/3        EV: 11    Int: 10    God:
Gold:   0          SH:  0    Dex: 11    Spells: 2/2 levels left

rFire   . . .      SeeInvis .   a - +0 hand axe
rCold   . . .      Faith    .   (no shield)
rNeg    + . .      Spirit   .   b - +0 leather armour
rPois   inf        Reflect  .   (no helmet)
rElec   +          Harm     .   (no cloak)
rCorr   .          Rampage  .   (no gloves)
Will    .....                   (no boots)
Stlth   +++.......              (no amulet)
HPRegen 0.07/turn               (no ring)
MPRegen 0.08/turn               (no ring)

@: no status effects
A: sickness immunity, AC +3, negative energy resistance 1, electricity
resistance, torment resistance 1, petrification resistance
a: no special abilities


You were on level 5 of the Dungeon.
You visited 1 branch of the dungeon, and saw 1 of its levels.


Innate Abilities, Weirdness & Mutations

You are immune to sickness and miasma.
Your stone body is resilient. (AC +3)
You are immune to poison.
You resist negative energy. (rN+)
You are resistant to electric shocks. (rElec)
You are resistant to unholy torment.
You are immune to petrification.


   Skills:
 - Level 3.2 Fighting
 + Level 3.4 Axes
 - Level 1.5 Dodging
 - Level 5.4 Stealth


You had 2 spell levels left.
You didn't know any spells.
Your spell library was empty.

Inventory:

Hand Weapons
 a - a +0 hand axe (weapon)
Armour
 b - a +0 leather armour (worn)
Wands
 g - a wand of digging (3)
Scrolls
 c - a scroll of fog
 d - a scroll of magic mapping
 e - a scroll of fear
 h - 3 scrolls of noise {unknown}
Potions
 f - a potion of haste

Dungeon Overview and Level Annotations

Branches:
Dungeon (5/15)
 Temple: D:4-7

Altars:
Xom


Message History

401 ||| Stepping ~*~*~tactically~*~*~ (hiding).
You start waiting.
You hear a distant slurping noise.
You hear a squelching noise.
Done waiting.
The gnoll shouts!
503 ||| Stepping ~*~*~tactically~*~*~ (stealth).
A gnoll comes into view. It is wielding a +0 flail.
A gnoll comes into view. It is wielding a +0 flail.
A gnoll comes into view. It is wielding a +0 spear.
The gnoll shouts! x2
You hit the gnoll but do no damage.
You hear a shout!
The gnoll hits you with a +0 flail.
You slash the gnoll!
The gnoll is severely wounded.
The gnoll hits you with a +0 flail.
You hit the gnoll.
You kill the gnoll!
The gnoll hits you but does no damage.
You closely miss the gnoll. The gnoll hits you with a +0 flail.
You closely miss the gnoll. The gnoll hits you with a +0 flail.
You closely miss the gnoll. You hit the gnoll. The gnoll closely misses you.
You barely miss the gnoll.
The gnoll is heavily wounded.
You closely miss the gnoll. The gnoll closely misses you.
The gnoll hits you but does no damage. The gnoll closely misses you.
You barely miss the gnoll.
The gnoll is heavily wounded.
You barely miss the gnoll. The gnoll barely misses you. The gnoll misses you.
The gnoll hits you but does no damage.
You hit the gnoll.
The gnoll is heavily wounded.
You closely miss the gnoll. The gnoll hits you with a +0 flail!
You die...

### ### #.. ...
#######.##.#
........gg.#.#.
#@)g.....
#g####.#.
#.####.#
#......#
#.#######
###.###....
...#
###.......#
#####..#
#.........#
.......#
#.#.#.#...#


You could see 4 gnolls.

Vanquished Creatures
  A hound (D:5)
  A gnoll (D:5)
2 creatures vanquished.

Notes
Turn   | Place    | Note
-------+----------+-------------------------------------------
     0 | D:5      | qw the Gargoyle Delver began the quest for the Orb.
     0 | D:5      | Reached XP level 1. HP: 14/14 MP: 1/1
     0 | D:5      | 0 ||| qw: Version: 0.1-a-118-gb4e7ce6
     0 | D:5      | 0 ||| qw: Game counter: 10580
     0 | D:5      | 0 ||| qw: Always use a shield: true
     0 | D:5      | 0 ||| qw: God list: Okawaru
     0 | D:5      | 0 ||| qw: Allow faded altars: false
     0 | D:5      | 0 ||| qw: Do Orc after D:15 true
     0 | D:5      | 0 ||| qw: Do second Lair branch before Depths: true
     0 | D:5      | 0 ||| qw: Lair rune preference: random
     0 | D:5      | 0 ||| qw: Plans: Normal
     0 | D:5      | 0 ||| PLANNING D:1-11
     5 | D:5      | Noticed a hound
    33 | D:5      | Killed a hound
    34 | D:5      | Reached skill level 3 in Axes
    34 | D:5      | Reached XP level 2. HP: 10/19 MP: 2/2
    34 | D:5      | Reached XP level 3. HP: 12/23 MP: 3/3
   196 | D:5      | Found a shimmering altar of Xom.
   196 | D:5      | Found a shimmering altar of Xom.
   196 | D:5      | Found a shimmering altar of Xom.
   197 | D:5      | Found a shimmering altar of Xom.
   299 | D:5      | 299 ||| Stepping ~*~*~tactically~*~*~ (hiding).
   401 | D:5      | 401 ||| Stepping ~*~*~tactically~*~*~ (hiding).
   503 | D:5      | 503 ||| Stepping ~*~*~tactically~*~*~ (stealth).
   517 | D:5      | Slain by a gnoll

Levels and vault maps discovered:
D:5:      layout_loops_cross, mainiacjoe_overflow_24_doors, xom_redecorated,
          biasface_ghost_orc_armoury

Skill      XL: |  1 |
---------------+----+-----
Axes           | 3 |  3.4
Fighting       | |  3.2
Dodging        | |  1.5
Stealth        | |  5.4

Action                   || total
-------------------------++-------
Melee: Hand axe          ||    22
 Stab: Sleeping          ||     1
Armor: Leather armour    ||     8
Dodge: Dodged            ||    18

Table legend:
 A = Non-vault XP
 B = Vault XP
 C = Vault XP percentage of total XP
 D = Non-vault monster count
 E = Vault monster count
 F = Vault count percentage of total count
                 A         B        C        D         E       F
            +---------+---------+-------+---------+---------+-------
      Total |      57 |       0 |   0.0 |       2 |       0 |   0.0
            +---------+---------+-------+---------+---------+-------
        D:5 |      57 |       0 |   0.0 |       2 |       0 |   0.0
            +---------+---------+-------+---------+---------+-------
